 Dungeon Crawl Stone Soup version 0.30-a0-748-ge6a52f7cba (webtiles) character file.

Game seed: 4819791776315114651

2 Esekla the Sneak (level 1, 16/16 HPs)
             Began as an Octopode Delver on Feb 8, 2023.
             Quit the game in the Ecumenical Temple.
             The game lasted 00:01:18 (210 turns).

Esekla the Sneak (Octopode Delver)                   Turns: 210, Time: 00:01:19

Health: 16/16      AC:  1    Str: 11    XL:     1   Next: 30%
Magic:  1/1        EV: 13    Int: 12    God:
Gold:   0          SH:  0    Dex: 13    Spells: 0/0 levels left

rFire   . . .      SeeInvis .    a - +0 falchion
rCold   . . .      Faith    .    (no shield)
rNeg    . . .      Spirit   .    (helmet restricted)
rPois   .          Reflect  .    (no amulet)
rElec   .          Harm     .    (no ring)
rCorr   .          Rampage  .    (no ring)
Will    .....                    (no ring)
Stlth   ++++                     (no ring)
HPRegen 0.22/turn                (no ring)
MPRegen 0.07/turn                (no ring)
                                 (no ring)
                                 (no ring)

@: no status effects
A: almost no armour, amphibious, 8 rings, camouflage 1, gelatinous body 1,
(nimble swimmer 1), tentacles
a: no special abilities


You were in the Ecumenical Temple.
You visited 2 branches of the dungeon, and saw 2 of its levels.

Inventory:

Hand Weapons
 a - a +0 falchion (weapon)
 j - a +0 dagger
Missiles
 c - 6 poisoned darts (quivered)
Wands
 f - a wand of digging (3)
Scrolls
 b - a scroll of fog
 d - a scroll of fear
 i - 2 scrolls of identify {unknown}
Potions
 e - a potion of haste
 g - a potion of brilliance {unknown}
 h - a potion of might {unknown}


   Skills:
 * Level 3.0 Fighting
 * Level 2.0 Long Blades
 * Level 2.0 Dodging
 + Level 6.6 Stealth


You couldn't memorise any spells.
You didn't know any spells.
Your spell library was empty.

Dungeon Overview and Level Annotations

Branches:
Dungeon (5/15)             Temple (1/1) D:5

Altars:
Ashenzari
Dithmenos
Qazlal
Wu Jian
Yredelemnul
Zin


Innate Abilities, Weirdness & Mutations

You cannot wear most types of armour.
You are amphibious.
You can wear up to eight rings at the same time.
Your skin changes colour to match your surroundings (Stealth+).
Your rubbery body absorbs attacks. (AC +1, EV +1)
((You are camouflaged when in or above water. (Stealth+)))
You have tentacles for arms and can constrict up to eight enemies at once.


Message History

Found a stone staircase leading up.
Found 2 scrolls labelled ZOATOG XO HEPT and 6 stones.
i - 2 scrolls labelled ZOATOG XO HEPT You hear the slow rusting of a very distant drain.
You open the door.
There is an open door here.
An orc comes into view. It is wielding a +0 dagger.
The helpless orc fails to defend itself.
You hit the orc. Your grab misses the orc.
The orc is severely wounded.
The orc barely misses you.
You hit the orc. You grab the orc.
The orc is almost dead.
You constrict the orc.
You kill the orc!
Things that are here:
a +0 dagger; an orc corpse
j - a +0 dagger You hear the slow rusting of a drain nearby.
Found a staircase to the Ecumenical Temple.
You have 0 gold pieces.
Unknown command.
There is a staircase to the Ecumenical Temple here.
You climb downwards.
Welcome to the Ecumenical Temple!
There is a staircase back to the Dungeon here.
Found a stormy altar of Qazlal.
There is a stormy altar of Qazlal here.
Found an ornate altar of the Wu Jian Council.
There is an ornate altar of the Wu Jian Council here.
Found a shadowy altar of Dithmenos.
Found a glowing silver altar of Zin.
There is a glowing silver altar of Zin here.
Found a basalt altar of Yredelemnul.
There is a basalt altar of Yredelemnul here.
Found a broken altar of Ashenzari.
There is a broken altar of Ashenzari here.
Done exploring.
Search for what [? for help]?
Gozag Can't find anything matching that.
Are you sure you want to abandon this character and quit the game? (Confirm with "yes".)

#.....####.....# #...
##...## ##...## ##..
##.## ##### ##. #.# #.
#.# ##### #. ##.##
##.8.## #. ##...##
##8...8###.
#.....######.......##.
#..#.@.........<......
#.....######.......###
##...## ##8...8##
##### ##.8.## #####


There were no monsters in sight!

Vanquished Creatures
  An orc (D:5)
1 creature vanquished.

Notes
Turn   | Place    | Note
-------+----------+-------------------------------------------
     0 | D:5      | Esekla the Octopode Delver began the quest for the Orb.
     0 | D:5      | Reached XP level 1. HP: 16/16 MP: 1/1
    26 | D:5      | Noticed a hound
   102 | D:5      | Found a staircase to the Ecumenical Temple.
   108 | Temple   | Entered the Ecumenical Temple
   210 | Temple   | Quit the game

Illustrated notes

Levels and vault maps discovered:
D:5:      minmay_skewed_foursquare, layout_basic,
          minmay_temple_entry_gardened_gates, cheibrodos_sewer_entry_sluice,
          dk_rats_in_the_wall
Temple:   hellmonk_temple_beads

Action                     || total
---------------------------++-------
  Melee: Falchion          ||     2
         Constrict         ||     1
    Use: Scroll            ||     1
   Stab: Sleeping          ||     1
  Dodge: Dodged            ||     1

Table legend: (Time is in decaauts)
 A = Elapsed time spent in this place.
 B = Non-inter-level travel time spent in this place.
 C = Inter-level travel time spent in this place.
 D = Time resting spent in this place.
 E = Time spent auto-exploring this place.
 F = Levels seen in this place.
 G = Mean time per level.
                   A        B        C        D        E       F      G
               +--------+--------+--------+--------+--------+-----+--------+
         Total |    210 |    210 |      0 |      0 |     95 |   2 |  105.0 |
       Dungeon |    108 |    108 |      0 |      0 |      0 |   1 |  108.0 |
        Temple |    101 |    101 |      0 |      0 |     95 |   1 |  101.0 |
               +--------+--------+--------+--------+--------+-----+--------+

Top non-repeatable levels by time:
     D:5: 108 daAuts
  Temple: 101 daAuts
